 Dungeon Crawl Stone Soup version 0.23-a0-329-g6f3f904 (webtiles) character file.

106 Mgcat the Slasher (level 4, -1/33 HPs)
             Began as a Vampire Gladiator on Oct 16, 2018.
             Slain by Crazy Yiuf
             ... wielding a +4 quarterstaff of chaos
              (2 damage)
             ... on level 2 of the Dungeon.
             The game lasted 00:03:09 (1770 turns).

Mgcat the Slasher (Vampire Gladiator)               Turns: 1770, Time: 00:03:10

Health: -1/33      AC: 10    Str: 14    XL:     4   Next: 55%
Magic:  0/4        EV:  7    Int: 10    God:
Gold:   135        SH:  0    Dex: 15    Spells: 3/3 levels left

rFire    . . .     SeeInvis +   a - +0 long sword
rCold    . . .     Gourm    .   (no shield)
rNeg     + . .     Faith    .   g - +0 chain mail
rPois    .         Spirit   +   h - +2 hat
rElec    .         Reflect  .   b - scarf {Spirit}
rCorr    .         Harm     .   (no gloves)
MR       .....                  (no boots)
Stlth    ..........             (no amulet)
HPRegen  0.11/turn              (no ring)
MPRegen  0.09/turn              (no ring)

@: no status effects
A: fangs 3, see invisible, unbreathing
a: Bat Form


You were on level 2 of the Dungeon.
You were not thirsty.

You visited 1 branch of the dungeon, and saw 2 of its levels.

You collected 135 gold pieces.

Inventory:

Hand Weapons
 a - a +0 long sword (weapon)
Missiles
 d - 3 throwing nets {=f, !d}
Armour
 b - a scarf of spirit shield (worn)
   (You found it on level 1 of the Dungeon)
 g - a +0 chain mail (worn)
   (You found it on level 1 of the Dungeon)
 h - a +2 hat (worn)
   (You found it on level 1 of the Dungeon)
Wands
 j - a wand of flame (25)
   (You found it on level 2 of the Dungeon)
Scrolls
 c - 3 scrolls of identify {unknown}
 f - a scroll of teleportation {unknown}
 i - 2 scrolls of remove curse {unknown}
 l - a scroll of enchant weapon {unknown}
Potions
 e - 14 potions of blood {@q1}
 k - a potion of invisibility {unknown}
 m - a potion of agility {unknown}
 n - 2 potions of magic {unknown}
 o - 2 potions of mutation {unknown}


   Skills:
 - Level 1.7 Fighting
 + Level 5.4 Long Blades
 - Level 1.5 Throwing
 - Level 3.2 Dodging


You had 3 spell levels left.
You didn't know any spells.
Your spell library was empty.

Dungeon Overview and Level Annotations

Branches:
Dungeon (2/15)

Altars:

Annotations:
D:2 Crazy Yiuf


Innate Abilities, Weirdness & Mutations

You have razor-sharp teeth.
You have supernaturally acute eyesight. (SInv)
You can survive without breathing.


Message History

The adder is severely wounded.
The adder barely misses you. The adder bites you.
You miss the adder.
The adder is severely wounded.
The adder bites you but does no damage.
You hit the adder. Your bite misses the adder.
The adder is almost dead.
The adder bites you. The adder bites you but does no damage.
You hit the adder.
You kill the adder!
No target in view!
No target in view!
No target in view!
You bottle the corpse's blood.
e - 16 potions of blood {@q1} (gained 1)
You see here a mace.
A giant cockroach comes into view.
You closely miss the giant cockroach. You bite the giant cockroach.
The giant cockroach is lightly wounded.
The giant cockroach bites you but does no damage.
You hit the giant cockroach. Your bite misses the giant cockroach.
The giant cockroach is severely wounded.
The giant cockroach bites you but does no damage.
You hit the giant cockroach.
You kill the giant cockroach!
No target in view!
No target in view!
Your library has no spells.
You see here a giant cockroach corpse.
You feel almost devoid of blood!
There's nothing here to drain!
There's nothing here to drain!
Firing (i - inventory) No suitable missiles.
Press: ? - help, Shift-Dir - straight line, f - you
Okay, then.
Okay, then.
Yummy - fresh blood!
You are feeling thirsty.
Key pressed, stopping explore.
You see here a leather armour.
You see here a quarterstaff.
Key pressed, stopping explore.
Unknown command.
Your library has no spells.
Key pressed, stopping explore.
Key pressed, stopping explore.
You see here a leather armour.
You see here a +0 ring mail.
You see here a leather armour.
o - 2 fuming green potions You see here a dagger.
You see here a leather armour.
You see here a mace.
You open the door.
Marking area around Crazy Yiuf as unsafe for travelling.
Crazy Yiuf the Enlightened comes into view.
He is wielding a +4 quarterstaff of Crazy Yiuf shouts!
Unknown command.
There is an open door here.
You hit Crazy Yiuf. Your bite misses Crazy Yiuf.
Crazy Yiuf is moderately wounded.
Crazy Yiuf hits you with a +4 quarterstaff of chaos.
You hit Crazy Yiuf.
Crazy Yiuf is moderately wounded.
Crazy Yiuf cries, "You leg down broken song, no?"
Crazy Yiuf hits you with a +4 quarterstaff of chaos.
Crazy Yiuf says, "Mountain!"
Crazy Yiuf barely misses you.
You riposte.
You hit Crazy Yiuf but do no damage.
Crazy Yiuf is moderately wounded.
You hit Crazy Yiuf but do no damage.
Crazy Yiuf is moderately wounded.
Crazy Yiuf screams, "Snoogle sow toodlewoodle!"
Crazy Yiuf hits you with a +4 quarterstaff of chaos!
You convulse!
You are too injured to fight recklessly!
You are too injured to fight recklessly!
You hit Crazy Yiuf. You bite Crazy Yiuf, but do no damage.
Crazy Yiuf is heavily wounded.
Crazy Yiuf hits you with a +4 quarterstaff of chaos.
You hit Crazy Yiuf.
Crazy Yiuf is severely wounded.
Crazy Yiuf hits you with a +4 quarterstaff of chaos!
* * * LOW HITPOINT WARNING * * *
Crazy Yiuf freezes you.
* * * LOW HITPOINT WARNING * * *
Yummy - fresh blood!
Crazy Yiuf hits you but does no damage.
You blink.
Unknown command.
Unknown command.
Unknown command.
Unknown command.
You hit Crazy Yiuf but do no damage.
Crazy Yiuf is severely wounded.
Crazy Yiuf closely misses you.
Unknown command.
Your chain mail prevents you from hitting Crazy Yiuf.
Crazy Yiuf is severely wounded.
Crazy Yiuf hits you with a +4 quarterstaff of chaos.
* * * LOW HITPOINT WARNING * * *
Crazy Yiuf burns you.
You die...

.# #.#
♣)..♣♣ .#
#.# ♣♣.♣♣
.#########.#
♣.♣♣
...........#
♣♣.♣
.#########.#
♣.♣♣
...######..#
♣♣)♣
.#.##...#..#
##'##
.#.##.#.#..#
#.g.#
.#.##.#.#..#
#.@)#
.#.#....#..#
#..)#
.#.#..###>[#
#####
.#.#..#<#..#
.#.#..#.#..#
###
.#.#..#.#..#
#.#
.#.#..#.#.##
#.#
.#.#....#.#
#.#
.#.#.####)#
#.#


You could see Crazy Yiuf.

Vanquished Creatures
  A gnoll (D:1)
  5 adders (D:2)
  2 oozes
  A worm (D:2)
  3 dart slugs
  A leopard gecko (D:2)
  3 bats (D:1)
  2 giant cockroaches
  3 goblins
  4 hobgoblins (D:1)
  A quokka (D:2)
  A frilled lizard (D:2)
  3 kobolds (D:1)
  5 rats
35 creatures vanquished.

Notes
Turn   | Place    | Note
-------+----------+-------------------------------------------
     0 | D:1      | Mgcat the Vampire Gladiator began the quest for the Orb.
     0 | D:1      | Reached XP level 1. HP: 16/16 MP: 1/1
    45 | D:1      | HP: 3/16 [gnoll/+0 club (7)]
    46 | D:1      | Reached XP level 2. HP: 4/22 MP: 2/2
   433 | D:1      | Reached skill level 4 in Long Blades
   512 | D:1      | Reached XP level 3. HP: 24/27 MP: 3/3
   939 | D:2      | Reached skill level 5 in Long Blades
   939 | D:2      | Reached XP level 4. HP: 24/33 MP: 1/4
  1459 | D:2      | Found a runed door.
  1761 | D:2      | Noticed Crazy Yiuf
  1767 | D:2      | HP: 5/33 [Crazy Yiuf/+4 quarterstaff of chaos (8)]
  1770 | D:2      | HP: 1/33 [Crazy Yiuf/+4 quarterstaff of chaos (3)]
  1770 | D:2      | Slain by Crazy Yiuf

Vault maps used:
D:1:      minmay_arrival_three_doors, chequers_jeans
D:2:      grunt_ministairs_15, uniq_crazy_yiuf_cottage

Skill      XL: |  1  2  3 |
---------------+----------+-----
Long Blades    | 4 5 |  5.4
Fighting       | |  1.7
Throwing       | |  1.5
Dodging        | |  3.2

Action                   |  1- 3 |  4- 6 || total
-------------------------+-------+-------++-------
Melee: Long sword        |    71 |    48 ||   119
       Bite              |     7 |     8 ||    15
  Use: Potion            |       |     2 ||     2
Armor: Chain mail        |    30 |    21 ||    51
       Leather armour    |     3 |       ||     3
Dodge: Dodged            |    33 |    15 ||    48
       Rpst.: Long sword |    13 |     5 ||    18

Table legend:
 A = Non-vault XP
 B = Vault XP
 C = Vault XP percentage of total XP
 D = Non-vault monster count
 E = Vault monster count
 F = Vault count percentage of total count
                 A         B        C        D         E       F
            +---------+---------+-------+---------+---------+-------
      Total |     148 |       4 |   2.6 |      33 |       2 |   5.7
            +---------+---------+-------+---------+---------+-------
        D:1 |      58 |       0 |   0.0 |      20 |       0 |   0.0
        D:2 |      90 |       4 |   4.3 |      13 |       2 |  13.3
            +---------+---------+-------+---------+---------+-------

Vault maps used:
D:1:      minmay_arrival_three_doors, chequers_jeans
D:2:      grunt_ministairs_15, uniq_crazy_yiuf_cottage

Table legend:
 A = Turns spent in this place as a percentage of turns spent in the entire game.
 B = Non-inter-level travel turns spent in this place as a percentage of non-inter-level travel turns spent in the entire game.
 C = Inter-level travel turns spent in this place as a percentage of turns spent in this place.
 D = Turns resting spent in this place as a percentage of non-inter-level travel turns spent in this place.
 E = Turns spent auto-exploring this place as a percentage of non-inter-level travel turns spent in this place.
 F = Non-inter-level travel turns spent in this place divided by the number of levels of this place that you've seen.
                   A       B       C       D       E      F
               +-------+-------+-------+-------+-------+----------------------
         Total | 100.0 | 100.0 |   2.7 |   0.1 |  82.5 | 861.0
       Dungeon | 100.0 | 100.0 |   2.7 |   0.1 |  82.5 | 861.0
               +-------+-------+-------+-------+-------+----------------------

Table legend:
 A = Kills in this place as a percentage of kills in entire the game.
 B = Kills by you in this place as a percentage of kills by you in the entire game.
 C = Kills by friends in this place as a percentage of kills by friends in the entire game.
 D = Other kills in this place as a percentage of other kills in the entire game.
 E = Experience gained in this place as a percentage of experience gained in the entire game.
 F = Experience gained in this place divided by the number of levels of this place that you have seen.
                   A       B       C       D       E      F
               +-------+-------+-------+-------+-------+----------------------
         Total | 100.0 | 100.0 |   N/A |   N/A | 100.0 |  76.0
       Dungeon | 100.0 | 100.0 |   N/A |   N/A | 100.0 |  76.0
               +-------+-------+-------+-------+-------+----------------------
